 Dungeon Crawl Stone Soup version 0.19.0-22-gd96e5fe (webtiles) character file.

57 dobroeutro the Sneak (level 3, -4/16 HPs)
             Began as a Spriggan Enchanter on Nov 18, 2016.
             Killed from afar by Sigmund (11 damage)
             ... with a magic dart
             ... on level 2 of the Dungeon.
             The game lasted 00:04:09 (2267 turns).

dobroeutro the Sneak (Spriggan Enchanter)           Turns: 2267, Time: 00:04:10

Health: -4/16      AC:  4    Str:  4    XL:     3   Next: 73%
Magic:  1/8        EV: 18    Int: 16    God:
Gold:   87         SH:  0    Dex: 17    Spells: 2 memorised, 5 levels left

rFire  . . .     SeeInvis +     g - +0 short sword
rCold  . . .     Gourm    .     b - +1 robe
rNeg   . . .     Faith    .     (shield restricted)
rPois  .         Spirit   .     (helmet restricted)
rElec  .         Reflect  .     o - +0 cloak
rCorr  .         Harm     .     (gloves unavailable)
MR     .....                    (boots unavailable)
Stlth  +.........               (no amulet)
                                (no ring)
                                (no ring)

@: confused, very slightly contaminated, very quick
A: unfitting armour, see invisible, herbivore 3, speed 3, slow metabolism 2
a: no special abilities


You were on level 2 of the Dungeon.
You were not hungry.

You visited 1 branch of the dungeon, and saw 2 of its levels.

You collected 87 gold pieces.

Inventory:

Hand Weapons
 g - a +0 short sword (weapon)
Armour
 b - a +1 robe (worn)
 o - a +0 cloak (worn)
Scrolls
 e - a scroll of noise {unknown}
 f - a scroll of magic mapping {unknown}
 h - a scroll of fog {unknown}
 i - a scroll of enchant weapon {unknown}
 j - 2 scrolls of fear {unknown}
 k - 2 scrolls of immolation {unknown}
 l - a scroll of teleportation {unknown}
 p - 2 scrolls of remove curse {unknown}
Potions
 a - a potion of curing {unknown}
 m - a potion of brilliance {unknown}
 n - a potion of degeneration {unknown}
Books
 c - a book of Maledictions

   Spells                             Type                      Level
   a - Corona                         Hexes                        1
   b - Ensorcelled Hibernation        Hexes/Ice                    2
   c - Confuse                        Hexes                        3
   d - Tukima's Dance                 Hexes                        3
   e - Dazzling Spray                 Conjuration/Hexes            3
Comestibles
 d - a bread ration


   Skills:
 * Level 2.4 Short Blades
 - Level 3.0 Dodging
 + Level 5.6 Stealth
 + Level 3.1 Spellcasting
 + Level 4.1 Hexes


You had 5 spell levels left.
You knew the following spells:

 Your Spells              Type           Power        Failure   Level  Hunger
a - Corona                Hex            ###....      4%          1    #......
b - Ensorcelled Hibernat  Hex/Ice        #.....       14%         2    ##.....


Dungeon Overview and Level Annotations

Branches:
Dungeon (2/15)

Altars:

Annotations:
D:2 Sigmund


Innate Abilities, Weirdness & Mutations

You are very small and have problems with some larger weapons.
You are too small for most types of armour.
You have supernaturally acute eyesight. (SInv)
You are a herbivore.
You cover ground extremely quickly.
You need consume almost no food.


Message History

Casting: Ensorcelled Hibernation
Confirm with . or Enter, or press ? or * to list all spells.
Aiming: Ensorcelled Hibernation
Press: ? - help, Shift-Dir - straight line, f/p - Sigmund
Aim: Sigmund, wielding a scythe and wearing a robe (slightly transparent, not susceptible) Sigmund is unaffected.
Sigmund whispers, "You'll know eternity soon."
Sigmund hits you from afar with a scythe!
Ouch! That really hurt!
Sigmund points at you and mumbles some strange words.
You are confused.
You bump into the rock wall.
You bump into the rock wall.
Sigmund closely misses you.
Sigmund points at you and mumbles some strange words.
You are more confused.
You bump into the rock wall.
Sigmund points at you and mumbles some strange words.
The magic dart hits you!
Ouch! That really hurt!
You die...

....# ##...##.####### †...#
##...##.......# ....#
#####)....#.......# #####
###.....##..#.......#
###...######..#.......#
##...### #..#.......# #..###
##.#...)...# #.##
####..........# ##
#.########...@.#.......#
.###.#........###..@#######
.......######## ##.....#
###...## #.###.######
.......### #>##.......#
#....#.^.## #.##.......#
##>#......## ##..........#
#..######..######...#.......#
.....####..##.....#.#########


You could see Sigmund (invisible).

Vanquished Creatures
  An adder (D:2)
  An ooze (D:1)
  2 dart slugs
  A leopard gecko (D:1)
  4 giant cockroaches (D:1)
  4 goblins
  5 hobgoblins
  7 bats
  2 frilled lizards
  7 kobolds
  6 rats
40 creatures vanquished.

Vanquished Creatures (others)
  7 toadstools (D:1)
7 creatures vanquished.

Grand Total: 47 creatures vanquished

Notes
Turn   | Place    | Note
-------+----------+-------------------------------------------
     0 | D:1      | dobroeutro the Spriggan Enchanter began the quest for the Orb.
     0 | D:1      | Reached XP level 1. HP: 9/9 MP: 5/5
   308 | D:1      | Reached XP level 2. HP: 13/13 MP: 6/6
   312 | D:1      | Learned a level 2 spell: Ensorcelled Hibernation
  1067 | D:1      | Reached skill level 5 in Stealth
  1067 | D:1      | Reached XP level 3. HP: 16/16 MP: 6/8
  1869 | D:2      | Noticed Sigmund
  2267 | D:2      | Killed from afar by Sigmund

Skill      XL: |  1  2  3 |
---------------+----------+-----
Short Blades   | 2 |  2.4
Stealth        | 5 |  5.6
Spellcasting   | 3 |  3.1
Hexes          | 4 |  4.1
Dodging        | |  3.0

Action                   || total
-------------------------++-------
Melee: Dagger            ||    57
       Short sword       ||   105
 Cast: Ensorcelled Hiber ||    11
 Stab: Sleeping          ||    10
       Distracted        ||     1
Armor: Robe              ||    13
Dodge: Dodged            ||   122
